[Event "*** Titled Tuesday Blitz"]
[Site "Chess.com"]
[Date "2020.02.04"]
[Round "6"]
[White "Kosche007"]
[Black "ShahMatKanal"]
[Result "0-1"]
[WhiteElo "2310"]
[BlackElo "2510"]
[TimeControl "180+2"]
[EndTime "14:18:49 PST"]
[Termination "ShahMatKanal won on time"]

1. e4 c5 2. Nf3 Nc6 3. d4 cxd4 4. Nxd4 e5 5. Nb5 a6 6. Nd6+ Bxd6 7. Qxd6 Qf6 8. Qd1 Qg6 9. Nc3 d5 10. Nxd5 Qxe4+ 11.
Be3 Nd4 12. Nc7+ Ke7 13. Rc1 Bg4 14. Qd3 Qxd3 15. Bxd3 Rd8 16. h3 Bc8 17. Na8 b5 18. Nb6 Bb7 19. O-O Nf6 20. a4 e4 21. Rfe1 Rhe8 22. Bf1 Kf8 23. axb5 Nxb5 24. Red1 h6 25.
c4 Nc7 26. b4 Ne6 27. b5 axb5 28. cxb5 Rxd1 29. Rxd1 Ke7 30. Nc4 Rb8 31. Ne5 Rc8 32. Ra1 Ra8 33. Rc1 Nd5 0-1

[Event "*** Titled Tuesday Blitz"]
[Site "Chess.com"]
[Date "2020.02.04"]
[Round "6"]
[White "mitrabhaa"]
[Black "vugarrasulov"]
[Result "0-1"]
[WhiteElo "2565"]
[BlackElo "2901"]
[TimeControl "180+2"]
[EndTime "14:18:51 PST"]
[Termination "vugarrasulov won on time"]

1. d4 Nf6 2. Nf3 e6 3. g3 c5 4. Bg2 Nc6 5. O-O d5 6. dxc5 Bxc5 7. c4 d4 8. Nbd2 e5 9. b4 Bxb4 10. Nxe5 O-O 11. Nxc6 bxc6 12. Nb3 Bc3 13. Rb1 Bf5 14. Ba3 Bxb1 15. Bxf8 Bxa2 16. Bc5 Nd7 17. Ba3 Ne5 18. Qc2 Bxb3 19. Qxb3 Rb8 20. Qa4 Qa5 21. Qxa5 Bxa5 22. Bd6 Re8 23. Bxe5 Rxe5 24. Rb1 g6 25. Bxc6 Rxe2 26.
Rb7 d3 27. Rd7 d2 28. Kg2 Bb6 29. h4 Rxf2+ 30. Kh3 h5 31. Rd5 Kg7 32. c5 Bxc5 33. Ba4 Bb6 34. Rd7 a5 35. Rd5 Kf8 36. Rb5 Bc7 37.
Rb7 Bd6 38. Rd7 Bb4 39. Bb3 Rf3 40. Ba4 Ra3 41. Bb5 Ra1 42. Be2 Re1 43. Bf3 a4 44.
Rd4 a3 45. Rxb4 a2 0-1

[Event "*** Titled Tuesday Blitz"]
[Site "Chess.com"]
[Date "2020.02.04"]
[Round "6"]
[White "SoltaniciR"]
[Black "davigator"]
[Result "1-0"]
[WhiteElo "2469"]
[BlackElo "2254"]
[TimeControl "180+2"]
[EndTime "14:18:51 PST"]
[Termination "SoltaniciR won by checkmate"]

1. e4 c5 2. Nf3 Nc6 3. Bb5 g6 4. O-O Nf6 5. Re1 Bg7 6. c3 O-O 7. h3 Qc7 8. d4 cxd4 9. cxd4 d5 10. e5 Ne4 11. Be3 a6 12. Bxc6 Qxc6 13. Nbd2 Nxd2 14.
Qxd2 Bf5 15. Bh6 Be4 16. Bxg7 Kxg7 17. Ng5 Bf5 18. g4 Bc8 19. Rac1 Qb6 20. Rc5 h6 21. Nf3 Be6 22. Rec1 Rac8 23. b4 Rc6 24. Qc3 Rfc8 25. a4 Bd7 26. Ne1 Be6 27. Nd3 Kh7 28. Nf4 Rxc5 29. bxc5 Qc6 30. Qb4 Rc7 31. Rb1 Qd7 32.
f3 h5 33. gxh5 g5 34. Nxe6 Qxe6 35. Kg2 Qf5 36. Rb2 Qd3 37. Qd2 Qa3 38. Rb6 Rc6 39.
Rxb7 Re6 40. Rb8 Kh6 41. h4 f6 42. hxg5+ fxg5 43. Rg8 Kh7 44. Qxg5 Qb2+ 45. Kg3 Qc2 46.
Qg7# 1-0

[Event "*** Titled Tuesday Blitz"]
[Site "Chess.com"]
[Date "2020.02.04"]
[Round "6"]
[White "mbojan"]
[Black "DenishevM"]
[Result "1-0"]
[WhiteElo "2748"]
[BlackElo "2520"]
[TimeControl "180+2"]
[EndTime "14:18:52 PST"]
[Termination "mbojan won by resignation"]

1. e4 c5 2. Nf3 d6 3. d4 cxd4 4.
Nxd4 Nf6 5. Nc3 a6 6. Bg5 e6 7. f4 Qb6 8. Qd2 Qxb2 9. Rb1 Qa3 10.
e5 dxe5 11. fxe5 h6 12. Bh4 g5 13. exf6 gxh4 14. Ne4 Qxa2 15. Rd1 Qd5 16. Qe3 Qe5 17. Be2 Nc6 18. Nxc6 bxc6 19. O-O c5 20. Bf3 Bb7 21. Qd3 Qd4+ 22. Qxd4 cxd4 23. Rxd4 Bd5 24. c4 Bxe4 25.
Rxe4 Bc5+ 26. Kh1 O-O-O 27. Rxh4 Rd4 28. Rh5 Rxc4 29. Be2 Rc3 30. Bxa6+ Kc7 31. Be2 Bd4 32. Rh4 e5 33. Bh5 Kd6 34. Bxf7 Rf8 35. Bg6 Be3 36. f7 Rc1 37. Rxc1 Bxc1 38. g3 Ke7 39. Ra4 Kf6 40. Ra6+ Kg7 41. Kg2 Bg5 42. Re6 Bf6 43. Bh5 Rb8 44.
Re8 1-0

[Event "*** Titled Tuesday Blitz"]
[Site "Chess.com"]
[Date "2020.02.04"]
[Round "6"]
[White "Kobalia"]
[Black "PowerThinking2650"]
[Result "1-0"]
[WhiteElo "2642"]
[BlackElo "2404"]
[TimeControl "180+2"]
[EndTime "14:18:54 PST"]
[Termination "Kobalia won on time"]

1. e4 e5 2. Nf3 Nc6 3. Bb5 a6 4.
Ba4 Nf6 5. O-O Be7 6. d3 b5 7.
Bb3 d6 8. a3 O-O 9. Nc3 Bg4 10.
Be3 Nd4 11. Bxd4 exd4 12. Nd5 c5 13. h3 Be6 14. Nxf6+ Bxf6 15. Bxe6 fxe6 16. a4 b4 17. b3 Ra7 18. Qe2 Raf7 19. e5 Bxe5 20. Nxe5 dxe5 21. Qxe5 Qd5 22. Rae1 Rf6 23. Qxd5 exd5 24. Re5 Rf5 25. Rxf5 Rxf5 26. Re1 Kf7 27. g3 c4 28. Kg2 Rf6 29. Re5 cxb3 30. cxb3 Rd6 31. a5 Kf6 32. f4 h6 33. Kf3 g5 34. h4 gxh4 35. gxh4 Rc6 36.
Rxd5 Rc3 37. Ke4 Rxb3 38. Rd6+ Ke7 39. Rxh6 Ra3 40. Rxa6 b3 41. Rb6 Rxa5 42. Rxb3 Rh5 43. Rb7+ Kd6 44. Rb6+ Kc5 45. Rb3 1-0

[Event "*** Titled Tuesday Blitz"]
[Site "Chess.com"]
[Date "2020.02.04"]
[Round "6"]
[White "tteshan"]
[Black "HashtagChess"]
[Result "1-0"]
[WhiteElo "2266"]
[BlackElo "1620"]
[TimeControl "180+2"]
[EndTime "14:18:56 PST"]
[Termination "tteshan won by resignation"]

1. e4 c5 2. Nf3 e6 3. d4 cxd4 4.
Nxd4 a6 5. c4 Qc7 6. Nc3 Nf6 7. f3 g6 8. Be3 Bg7 9. Be2 O-O 10. O-O Nc6 11. Qd2 b6 12. Rac1 Bb7 13. Rfd1 d6 14. b3 Rfd8 15. Nxc6 Bxc6 16. Qd4 Rab8 17. Qd2 Qb7 18. Bh6 d5 19. Bxg7 Kxg7 20. exd5 exd5 21. cxd5 Bxd5 22. Qf4 Be6 23. Ne4 Nxe4 24.
fxe4 b5 25. e5 Qe7 26. Bf3 Bf5 27. g4 Be6 28. g5 Rbc8 29. Qf6+ Qxf6 30. exf6+ Kf8 31.
Rxd8+ Rxd8 32. Rd1 Rxd1+ 33. Bxd1 Bd5 34. Kf2 Ke8 35.
Ke3 Kd7 36. Kd4 Kd6 37. Bg4 a5 38. Bc8 a4 39. bxa4 bxa4 40. a3 Bb3 41. Ba6 Be6 42. Bc4 Bd7 43. Bxf7 Be6 44. Bxe6 Kxe6 45. Ke4 h6 46. h4 1-0

[Event "*** Titled Tuesday Blitz"]
[Site "Chess.com"]
[Date "2020.02.04"]
[Round "6"]
[White "PotapovaM"]
[Black "ChadBiryani"]
[Result "0-1"]
[WhiteElo "2489"]
[BlackElo "2324"]
[TimeControl "180+2"]
[EndTime "14:18:57 PST"]
[Termination "ChadBiryani won on time"]

1. Nf3 f5 2. c4 Nf6 3. b3 d6 4. Bb2 e5 5. d3 Be7 6. Nc3 O-O 7. g3 Nc6 8. Bg2 Qe8 9. O-O Qh5 10. e4 f4 11. d4 Bg4 12. Nd5 Nxd5 13. cxd5 Nxd4 14. Bxd4 exd4 15. Qd3 Bf6 16. gxf4 Be7 17. f5 g6 18.
Nxd4 gxf5 19. exf5 Bf6 20. Rac1 Be5 21. f4 Bxd4+ 22. Qxd4 Rf7 23. f6 Qh4 24. Rc3 Re8 25.
Rg3 Kf8 26. f5 h5 27. Qf4 Qxf6 28. h3 Bxf5 29. Rg5 Re5 30. Rxh5 Ke7 31. Rh6 Qg7 32. Rc1 Be4 33. Rxc7+ Kd8 34. Qh4+ Kxc7 0-1

[Event "*** Titled Tuesday Blitz"]
[Site "Chess.com"]
[Date "2020.02.04"]
[Round "6"]
[White "Darhild"]
[Black "CM_Perligero"]
[Result "1-0"]
[WhiteElo "2708"]
[BlackElo "2095"]
[TimeControl "180+2"]
[EndTime "14:18:57 PST"]
[Termination "Darhild won on time"]

1. e4 d5 2. exd5 Qxd5 3. Nc3 Qa5 4. g3 c6 5. Bg2 Nf6 6. Nge2 Bg4 7. b4 Qh5 8. h3 Bc8 9. g4 Qe5 10. d4 Qe6 11. O-O h5 12. g5 Nd5 13. Nxd5 cxd5 14. Nf4 Qd7 15. Nxd5 e6 16. Nf4 Bxb4 17. g6 Bc3 18.
gxf7+ Kxf7 19. Rb1 Bxd4 20. Qf3 Bf6 21. Rd1 Qc6 22. Qd3 Qa6 23. Qg6+ Kf8 24. Nxh5 Rxh5 25. Qxh5 Nc6 26. Bg5 Qa5 27. Qh8+ Kf7 28. Bxf6 Kxf6 29.
Rb3 Ne5 30. Rg3 Ng6 31. Qe8 Ne5 32. Qf8+ Nf7 33. Rxg7 Qh5 34. Rd3 Bd7 35. Rxf7+ Qxf7 36. Rf3+ 1-0

[Event "*** Titled Tuesday Blitz"]
[Site "Chess.com"]
[Date "2020.02.04"]
[Round "6"]
[White "SanchezKelvin"]
[Black "ChainsOfFantasia"]
[Result "1-0"]
[WhiteElo "2374"]
[BlackElo "2492"]
[TimeControl "180+2"]
[EndTime "14:18:58 PST"]
[Termination "SanchezKelvin won by resignation"]

1. d4 Nf6 2. c4 e6 3. Nf3 d5 4.
Nc3 dxc4 5. e3 a6 6. Bxc4 b5 7. Be2 Bb7 8. O-O c5 9. dxc5 Qxd1 10. Rxd1 Bxc5 11. b3 Nbd7 12. Bb2 O-O 13. a4 b4 14. Nb1 Bd5 15. Nbd2 a5 16. Nc4 Nb6 17. Nfe5 Rfd8 18. Nxb6 Bxb6 19. Nc4 Bc7 20. f3 Bxc4 21. Bxc4 Bb6 22.
Kf2 Kf8 23. Ke2 Ke7 24. g4 g6 25. h3 Rac8 26. e4 Nd7 27. f4 Nc5 28. Kf3 f6 29.
h4 Nd7 30. g5 Rf8 31. Rd2 fxg5 32. hxg5 e5 33. Rad1 Rxf4+ 34. Kg3 Rc7 35. Bb5 Rxe4 36. Rxd7+ Rxd7 37. Rxd7+ Ke6 38. Rxh7 Re3+ 39. Kg4 Rxb3 40. Bc4+ Kd6 41. Bxb3 1-0

[Event "*** Titled Tuesday Blitz"]
[Site "Chess.com"]
[Date "2020.02.04"]
[Round "6"]
[White "kacprekt"]
[Black "Zq1"]
[Result "1-0"]
[WhiteElo "2413"]
[BlackElo "2534"]
[TimeControl "180+2"]
[EndTime "14:18:59 PST"]
[Termination "kacprekt won by resignation"]

1. d4 Nf6 2. c4 a6 3. Nc3 c5 4. d5 b5 5. cxb5 axb5 6. Nxb5 Qa5+ 7. Nc3 Bb7 8. Bd2 Qb6 9. e4 e6 10. Nb5 Nxe4 11. dxe6 dxe6 12. Nf3 Nxd2 13. Qxd2 Be7 14. a4 Bxf3 15. gxf3 O-O 16. Bd3 Nc6 17. O-O Rad8 18.
Qe2 Nb4 19. a5 Qb8 20. Bc4 Qf4 21. Qe4 Qg5+ 22. Qg4 Qd2 23. a6 Qxb2 24. a7 Nc6 25. Rfb1 Qe5 26. Re1 Qf6 27. Nc7 Nxa7 28. Rxa7 Rd4 29.
Re4 Rd1+ 30. Kg2 Qc3 31. Nxe6 Bf6 32. Nxf8 Qc1 33. Bxf7+ Kh8 34. Ng6+ hxg6 35. Qh3+ Qh6 36. Ra8+ Kh7 37. Bg8+ Kh8 38. Bb3+ Rd8 39. Rxd8+ Bxd8 40. Re8+ Kh7 41. Qxh6+ 1-0

[Event "*** Titled Tuesday Blitz"]
[Site "Chess.com"]
[Date "2020.02.04"]
[Round "6"]
[White "AleksanderHnydiuk"]
[Black "r31415"]
[Result "1-0"]
[WhiteElo "2550"]
[BlackElo "2376"]
[TimeControl "180+2"]
[EndTime "14:19:01 PST"]
[Termination "AleksanderHnydiuk won by resignation"]

1. e4 e5 2. Nf3 Nc6 3. d4 exd4 4. Nxd4 Qf6 5. Nb5 Bc5 6. Qd2 Bb6 7. Bc4 Nge7 8. O-O O-O 9. Qf4 Qxf4 10. Bxf4 d6 11. Nd2 Ng6 12. Bg3 a6 13. Nc3 Nd4 14.
Nd5 Ne5 15. Nxb6 cxb6 16. c3 Ndc6 17. Rad1 b5 18. Be2 Be6 19. f4 Bg4 20. Rfe1 Bxe2 21. Rxe2 Ng6 22. Nf1 Rad8 23. Ne3 Nge7 24. Red2 Nc8 25.
Nf5 Rfe8 26. Re2 g6 27. Nd4 Na5 28. Bh4 Rd7 29. Nf3 Nc4 30. b3 N4b6 31. e5 dxe5 32. Rxd7 Nxd7 33. Ng5 Nd6 34. Bg3 Nf5 35. Bf2 Nd6 36. Rd2 f6 37. Rxd6 fxg5 38. Rxd7 gxf4 39.
Rxb7 e4 40. Bd4 e3 41. Kf1 g5 1-0

[Event "*** Titled Tuesday Blitz"]
[Site "Chess.com"]
[Date "2020.02.04"]
[Round "6"]
[White "Keaton87"]
[Black "Orest_Vovk"]
[Result "1-0"]
[WhiteElo "2552"]
[BlackElo "2383"]
[TimeControl "180+2"]
[EndTime "14:19:02 PST"]
[Termination "Keaton87 won by resignation"]

1. d4 h6 2. e4 g5 3. h4 Bg7 4.
hxg5 c5 5. dxc5 Qa5+ 6. Nc3 Qxc5 7. gxh6 Nxh6 8. Be3 Qb4 9. Rb1 d6 10. Bd3 Ng4 11.
Rxh8+ Bxh8 12. Bd2 Qc5 13. Qf3 Bd4 14. Nh3 Ne5 15. Qg3 Nxd3+ 16. cxd3 Bxh3 17. gxh3 Nd7 18. Qg8+ Nf8 19. Ke2 Qh5+ 20. Qg4 Qxg4+ 21. hxg4 Bxc3 22. bxc3 b6 23. f4 Ng6 24. d4 e6 25. f5 exf5 26.
gxf5 Ne7 27. Rh1 O-O-O 28. Rh7 Re8 29. Rxf7 Nd5 30. Kd3 Nc7 31. Bf4 Rh8 32. Bxd6 Rh3+ 33. Kd2 Nb5 34. Bb4 a5 35. a4 axb4 36. axb5 Rh2+ 37.
Kc1 bxc3 38. d5 Re2 39. Re7 Kd8 40. f6 Rf2 41. e5 Rf5 42. d6 Rf2 43. f7 1-0

[Event "*** Titled Tuesday Blitz"]
[Site "Chess.com"]
[Date "2020.02.04"]
[Round "6"]
[White "Kira170"]
[Black "GMKrikor"]
[Result "0-1"]
[WhiteElo "2527"]
[BlackElo "2798"]
[TimeControl "180+2"]
[EndTime "14:19:03 PST"]
[Termination "GMKrikor won by resignation"]

1. d4 Nf6 2. Nc3 d5 3. Bf4 a6 4.
e3 e6 5. g4 h6 6. h4 c5 7. Bh3 cxd4 8. exd4 Nc6 9. Nge2 Bd6 10. Qd2 b5 11. g5 hxg5 12. Bxd6 g4 13. Bc5 gxh3 14. Ng3 Rxh4 15. O-O-O Nd7 16. Nf5 Nxc5 17. Nxh4 Qxh4 18. dxc5 d4 19. Ne2 e5 20. f4 f6 21.
fxe5 fxe5 22. Rdg1 Bg4 23. Ng3 O-O-O 24. a4 Bf3 25.
Nf5 Qe4 26. Ng3 Qd5 27. Rxh3 Qa2 28. Qf2 d3 29. Ne4 Bxe4 30. cxd3 Qa1+ 31. Kd2 Qxb2+ 32. Ke3 Rxd3+ 33. Kxe4 Qxf2 0-1

[Event "*** Titled Tuesday Blitz"]
[Site "Chess.com"]
[Date "2020.02.04"]
[Round "6"]
[White "AntonSmirnov"]
[Black "Blitzstream"]
[Result "0-1"]
[WhiteElo "2879"]
[BlackElo "2738"]
[TimeControl "180+2"]
[EndTime "14:19:05 PST"]
[Termination "Blitzstream won on time"]

1. e4 d5 2. exd5 Qxd5 3. Nc3 Qa5 4. d4 Nf6 5. Nf3 c6 6. Bc4 Bf5 7. O-O e6 8. Ne5 Nbd7 9. Nxd7 Nxd7 10. Bb3 Bd6 11. Qf3 Nf6 12. Re1 Bg4 13. Qd3 O-O-O 14. h3 Bf5 15. Qe2 Rhg8 16. Nd1 Qc7 17. Ne3 Be4 18.
Bd2 g5 19. Ng4 Nxg4 20. Qxe4 Bh2+ 21. Kf1 Nf6 22. Qf3 Bf4 23. Bxf4 gxf4 24. c3 Rg5 25. Ke2 Rdg8 26. Rg1 e5 27. dxe5 Rxe5+ 28. Kf1 Ne4 29. Qxf4 Ng5 30. Qa4 Rf5 31. Re1 Qg3 32.
Re2 Nxh3 33. Qd4 Nxg1 34. Re8+ Rxe8 0-1

[Event "*** Titled Tuesday Blitz"]
[Site "Chess.com"]
[Date "2020.02.04"]
[Round "6"]
[White "Perecke"]
[Black "colegiodemadrid"]
[Result "1-0"]
[WhiteElo "2285"]
[BlackElo "2350"]
[TimeControl "180+2"]
[EndTime "14:19:06 PST"]
[Termination "Perecke won by resignation"]

1. e4 e5 2. Nf3 Nc6 3. d4 exd4 4. Bc4 Nf6 5. O-O Nxe4 6. Re1 d5 7. Bxd5 Qxd5 8. Nc3 Qh5 9. Nxe4 Be6 10. Bg5 Bd6 11.
Nxd6+ cxd6 12. Bf4 Qd5 13. c4 Qc5 14. Ng5 O-O 15.
Rxe6 fxe6 16. Nxe6 Qxc4 17. Nxf8 Rxf8 18. Bxd6 Rd8 19.
Bg3 d3 20. b3 Qc2 21. Kf1 Nd4 22. Qxc2 dxc2 23. Ke1 Nb5 24. Be5 g5 25. Bb2 Nd6 26.
Rc1 Rc8 27. f3 g4 28. Kd2 gxf3 29. gxf3 Nf5 30. Rxc2 Rd8+ 31. Ke2 Re8+ 32. Kf2 Re7 33. Rc5 Ne3 34. Rg5+ Kf7 35. Rg7+ Kf8 36. Rxe7 Nd1+ 37.
Ke1 Kxe7 38. Kxd1 1-0

[Event "*** Titled Tuesday Blitz"]
[Site "Chess.com"]
[Date "2020.02.04"]
[Round "6"]
[White "Fortitudine"]
[Black "Everyfishknows"]
[Result "1-0"]
[WhiteElo "2228"]
[BlackElo "2313"]
[TimeControl "180+2"]
[EndTime "14:19:08 PST"]
[Termination "Fortitudine won by checkmate"]

1. d4 Nf6 2. Nc3 d5 3. Bg5 e6 4. e4 dxe4 5. Nxe4 Be7 6. Bxf6 gxf6 7. Nf3 f5 8. Nc3 Nd7 9. g3 b6 10. Bg2 Bb7 11. Qe2 Nf6 12. O-O-O O-O 13. d5 Nxd5 14. Nxd5 Bxd5 15. c4 Bxf3 16. Bxf3 Qc8 17. Bxa8 Qxa8 18. g4 f4 19. f3 Qc6 20. Rhe1 Bf6 21. Qe4 Qc5 22. Kb1 Qb4 23. Re2 b5 24. cxb5 Qxb5 25. Qd3 Qb6 26. g5 Bg7 27. h4 Rb8 28. b3 a5 29. Re4 Qc6 30. Rc4 Qb6 31. h5 Qb5 32. h6 Bh8 33. Qe4 a4 34. Rd3 a3 35. Qe2 Qf5 36. Re4 Rd8 37. Rxd8# 1-0

[Event "*** Titled Tuesday Blitz"]
[Site "Chess.com"]
[Date "2020.02.04"]
[Round "6"]
[White "WPWPWP-2015"]
[Black "GMHess"]
[Result "0-1"]
[WhiteElo "2520"]
[BlackElo "2744"]
[TimeControl "180+2"]
[EndTime "14:19:09 PST"]
[Termination "GMHess won by resignation"]

1. e4 g6 2. d4 Bg7 3. Nc3 c6 4. a4 d6 5. h3 Qc7 6. Nf3 e5 7. Be3 Nf6 8. Qd2 O-O 9. Bc4 Nbd7 10. dxe5 dxe5 11. a5 Rb8 12. O-O b5 13. axb6 axb6 14. Bb3 Nc5 15. Bxc5 bxc5 16. Qe2 Nh5 17. Qe3 Qe7 18.
Ra5 c4 19. Bxc4 Rxb2 20. Bb3 Nf4 21. Na4 Qb4 22. Qc5 Rxb3 23. cxb3 Qxe4 24. Nc3 Qd3 25. Re1 Nxh3+ 26. gxh3 Qxf3 27. Qe3 Qxh3 28. Ne4 Qg4+ 29.
Qg3 Qxg3+ 30. fxg3 f5 31. Nd6 Be6 32. Nc4 e4 33. Kf1 Bc3 34. Rc1 Bxc4+ 0-1

[Event "*** Titled Tuesday Blitz"]
[Site "Chess.com"]
[Date "2020.02.04"]
[Round "6"]
[White "kleinebeer98"]
[Black "SCIM"]
[Result "1-0"]
[WhiteElo "2709"]
[BlackElo "2469"]
[TimeControl "180+2"]
[EndTime "14:19:12 PST"]
[Termination "kleinebeer98 won by resignation"]

1. e4 e5 2. Nf3 Nc6 3. d4 exd4 4. c3 d5 5. exd5 Qxd5 6. cxd4 Bg4 7. Be2 O-O-O 8. Nc3 Qh5 9. Be3 Nf6 10. h3 Bd6 11.
Qa4 Bd7 12. Ne5 Qf5 13. Nxd7 Qxd7 14. d5 Nb8 15. Nb5 b6 16. Qxa7 Bb4+ 17. Kf1 Nxd5 18. Rc1 Nxe3+ 19. fxe3 Bc5 20. Rxc5 bxc5 21. Qxc5 h5 22.
Kf2 Rh6 23. Rd1 Rf6+ 24. Kg1 Qxd1+ 25. Bxd1 Rxd1+ 26. Kh2 Rd7 27. Qf8+ Kb7 28. Qxg7 Rb6 29. a4 Nc6 30. Qc3 Na7 31. Nd4 Rbd6 32. a5 Ra6 33. b4 h4 34. b5 Rg6 35. a6+ Kb6 36. Qc4 Rg5 37. Nc6 Nxb5 38. a7 Nxa7 39. Nxa7 Rd2 40.
Qb4+ Kxa7 41. Qxd2 1-0

[Event "*** Titled Tuesday Blitz"]
[Site "Chess.com"]
[Date "2020.02.04"]
[Round "6"]
[White "AlexandraBotez"]
[Black "FredddieCroderg"]
[Result "1-0"]
[WhiteElo "2170"]
[BlackElo "2086"]
[TimeControl "180+2"]
[EndTime "14:19:13 PST"]
[Termination "AlexandraBotez won by resignation"]

1. d4 Nf6 2. Bf4 e6 3. Nf3 b6 4. e3 Bb7 5. Nbd2 d6 6. Bd3 Nbd7 7.
O-O h6 8. h3 g5 9. Bh2 Bg7 10. c4 Qe7 11. Qc2 g4 12. hxg4 Nxg4 13. Be4 c6 14. d5 exd5 15. cxd5 c5 16. Nc4 Nxh2 17. Nxh2 Ne5 18. Nxe5 Bxe5 19. f4 Bf6 20. Rae1 Rg8 21. Bf5 Kd8 22. e4 Bd4+ 23. Kh1 f6 24.
Re2 Kc7 25. Nf3 Kb8 26. Nxd4 cxd4 27. Qd3 Qc7 28. Rc2 Ba6 29. Rxc7 Bxd3 30. Rfc1 a6 31.
R7c6 Bb5 32. Rxb6+ Ka7 33. Rxd6 Rg7 34. Rxf6 Rag8 35.
Bh3 d3 36. e5 Rg3 37. Kh2 Kb7 38. b3 d2 39. Rd1 Rd3 40. d6 Rd4 41. Be6 Rc8 42.
Rf7+ Kb8 43. Bxc8 Kxc8 44. Rc7+ Kd8 45. Rc2 Rxf4 46. Rcxd2 Re4 47. Rd5 Kd7 48. R1d2 h5 49.
g3 Be2 50. Rc5 Bb5 51. a4 Bc6 52. Rxc6 Kxc6 53. d7 1-0

[Event "*** Titled Tuesday Blitz"]
[Site "Chess.com"]
[Date "2020.02.04"]
[Round "6"]
[White "FedaMaster"]
[Black "vova-79"]
[Result "0-1"]
[WhiteElo "2577"]
[BlackElo "2472"]
[TimeControl "180+2"]
[EndTime "14:19:15 PST"]
[Termination "vova-79 won by resignation"]

1. e4 e6 2. d4 d5 3. exd5 exd5 4. Nf3 Bd6 5. c4 dxc4 6. Bxc4 Nf6 7. Qe2+ Qe7 8.
Qxe7+ Bxe7 9. O-O O-O 10. Re1 Bd6 11. Bg5 Nbd7 12. Nc3 a6 13. Ne5 h6 14. Bh4 b5 15.
Bb3 Bb7 16. Rad1 g5 17. Bg3 Nb6 18. Nxf7 Rxf7 19. Bxd6 cxd6 20. Re6 Nc4 21. Bxc4 bxc4 22. Rxd6 Kg7 23. f3 Rd7 24. Rb6 Rad8 25. Rb4 Nd5 26.
Nxd5 Bxd5 27. Rc1 Bf7 28. b3 cxb3 29. axb3 Rxd4 30. Rb6 Rd1+ 31. Rxd1 Rxd1+ 32. Kf2 Ra1 33. Rb7 a5 34. Ke3 Ra3 35. Kd4 Rxb3 36. Ra7 0-1

[Event "*** Titled Tuesday Blitz"]
[Site "Chess.com"]
[Date "2020.02.04"]
[Round "6"]
[White "heyiampotato"]
[Black "ChEsper99"]
[Result "1-0"]
[WhiteElo "2456"]
[BlackElo "2033"]
[TimeControl "180+2"]
[EndTime "14:19:15 PST"]
[Termination "heyiampotato won by resignation"]

1. d4 Nf6 2. Nf3 e6 3. c4 a6 4. Nc3 d5 5. cxd5 exd5 6. Bg5 Be6 7. e3 Nbd7 8. Bd3 Bd6 9. Bf4 Bxf4 10. exf4 g6 11. f5 Bxf5 12. Bxf5 gxf5 13. O-O O-O 14.
Qd3 Ne4 15. Nxd5 Ndf6 16. Ne3 Qd7 17. Ne5 Qe6 18. f3 Nd6 19. Rae1 Rfe8 20. a3 f4 21.
N3g4 Nxg4 22. Nxg4 Qxe1 23. Nf6+ Kg7 24. Nh5+ Kf8 25.
Rxe1 Rxe1+ 26. Kf2 Rae8 27. Nxf4 f5 28. Qb3 b5 29.
Qd5 Rb1 30. Ne6+ Ke7 31. Nxc7 Rxb2+ 32. Kg3 f4+ 33. Kh3 Rd8 34. Qe6+ Kf8 35. Nd5 Kg7 36. Qf6+ 1-0

[Event "*** Titled Tuesday Blitz"]
[Site "Chess.com"]
[Date "2020.02.04"]
[Round "6"]
[White "Arathorn2"]
[Black "peixe64"]
[Result "1-0"]
[WhiteElo "2257"]
[BlackElo "2329"]
[TimeControl "180+2"]
[EndTime "14:19:15 PST"]
[Termination "Arathorn2 won by resignation"]

1. d4 Nf6 2. c4 e6 3. Nf3 d5 4.
cxd5 exd5 5. Bg5 Be7 6. Qc2 O-O 7. e3 h6 8. Bh4 Nbd7 9. Bd3 c6 10. O-O Nb6 11. Nbd2 Be6 12. Ne5 Rc8 13. Rac1 c5 14. dxc5 Rxc5 15. Qb1 Rxc1 16. Rxc1 Qd6 17. Bg3 Qd8 18.
h3 d4 19. exd4 Qxd4 20. Ndf3 Qa4 21. b3 Qa5 22. Rc7 Nfd5 23. Rxb7 Bc8 24. Rb8 Qc3 25. Nc4 Nd7 26. Rb5 Nb4 27. Bh7+ Kh8 28. Bf5 a6 29. Ra5 Bd8 30. Ra4 Nc5 31. Bxc8 Nxa4 32.
Be5 Qd3 33. Qxd3 Nxd3 34. bxa4 Nxe5 35. Nfxe5 Bf6 36. Bxa6 Kg8 37. Bb5 Rd8 38. g3 Rd1+ 39. Kg2 Re1 40. Nd7 Ra1 41. Nxf6+ gxf6 42. a3 Rd1 43. a5 Rd7 44. Bxd7 1-0

[Event "*** Titled Tuesday Blitz"]
[Site "Chess.com"]
[Date "2020.02.04"]
[Round "6"]
[White "vlad_Sid"]
[Black "LiemLe"]
[Result "1/2-1/2"]
[WhiteElo "2738"]
[BlackElo "2951"]
[TimeControl "180+2"]
[EndTime "14:19:16 PST"]
[Termination "Game drawn by repetition"]

1. c4 e5 2. g3 Nc6 3. Bg2 Bc5 4. Nc3 a6 5. e3 Nge7 6. Nge2 d6 7. a3 Ba7 8. b4 h5 9. h4 Bg4 10. Bb2 O-O 11. Nd5 Nxd5 12. cxd5 Ne7 13. d4 Ng6 14. Qd2 Re8 15. dxe5 Nxe5 16. Bxe5 dxe5 17. O-O e4 18. Nf4 c6 19. Ra2 cxd5 20. Qxd5 Qxd5 21. Nxd5 Rac8 22. Rd2 Bb8 23. Rd4 Be2 24. Re1 Bd3 25. Nf4 Be5 26. Rd7 Bxf4 27. exf4 b5 28. f3 Rc3 29. fxe4 Bc4 30. Kh2 Rxa3 31. e5 Ra2 32. Red1 Rb2 33. Ra7 Be2 34. Rdd7 Bf3 35. Rxf7 Rxg2+ 36. Kh3 Rg1 37.
Rxg7+ Kh8 38. Rh7+ Kg8 39. Rag7+ Kf8 40. Rf7+ Kg8 41.
Rhg7+ Kh8 42. Rh7+ Kg8 43. Rhg7+ Kh8 44. Rh7+ Kg8 1/2-1/2

[Event "*** Titled Tuesday Blitz"]
[Site "Chess.com"]
[Date "2020.02.04"]
[Round "6"]
[White "volcanoexplorer"]
[Black "Hadza_3"]
[Result "1-0"]
[WhiteElo "2605"]
[BlackElo "2399"]
[TimeControl "180+2"]
[EndTime "14:19:17 PST"]
[Termination "volcanoexplorer won by checkmate"]

1. e4 e5 2. Nf3 Nc6 3. Bc4 Nf6 4. d3 Be7 5. O-O d6 6. c3 h6 7. Re1 O-O 8. Nbd2 Nh7 9. Nf1 Ng5 10. Nxg5 Bxg5 11. Qh5 Bxc1 12. Raxc1 Qf6 13. Ne3 Ne7 14. b4 c6 15. Bb3 Ng6 16. g3 Be6 17. Ng4 Qe7 18.
Ne3 Qf6 19. Rcd1 a5 20. d4 Bxb3 21. axb3 axb4 22. cxb4 exd4 23. Ng4 Qe6 24. Rxd4 Qxb3 25. Red1 Rad8 26. e5 d5 27. e6 Ne7 28. Nxh6+ gxh6 29.
Rg4+ Kh7 30. Rh4 Ng8 31. exf7 Rd6 32. fxg8=Q+ Rxg8 33. Re1 Rg7 34. Qf5+ Rdg6 35. Rg4 Qc3 36. Re6 Qc1+ 37. Kg2 Qg5 38. Rxg5 hxg5 39. Qh3+ Kg8 40. Re8+ Kf7 41. Qd7+ Kf6 42. Qe6# 1-0

[Event "*** Titled Tuesday Blitz"]
[Site "Chess.com"]
[Date "2020.02.04"]
[Round "6"]
[White "Walter_White_Poland"]
[Black "HanSchut"]
[Result "0-1"]
[WhiteElo "2239"]
[BlackElo "2333"]
[TimeControl "180+2"]
[EndTime "14:19:17 PST"]
[Termination "HanSchut won on time"]

1. e4 c5 2. Nf3 d6 3. d4 cxd4 4. Nxd4 Nf6 5. Nc3 a6 6. Bg5 e6 7. f4 Be7 8. Qf3 h6 9. Bh4 g5 10. fxg5 Nfd7 11. Qh5 Ne5 12. Bg3 Bxg5 13. Nf3 Nbd7 14.
Nxg5 Qxg5 15. Qxg5 hxg5 16. Be2 b5 17. O-O-O Ke7 18.
a3 Bb7 19. Rd4 Rad8 20. Rhd1 Nc5 21. a4 bxa4 22. Nxa4 Nxe4 23. Rb4 Rb8 24. Bxa6 Nxg3 25. Bxb7 Rxh2 26. Rb6 Nc4 27. Rb4 d5 28. Nc5 Rxg2 29.
Rxc4 Rxb7 30. Nxb7 dxc4 31. Nd6 Ne2+ 32. Kb1 c3 33. Ne4 cxb2 34. Kxb2 Nf4 35. Kb3 f5 36. Nc5 Rg3+ 37. Ka4 Nd5 0-1

[Event "*** Titled Tuesday Blitz"]
[Site "Chess.com"]
[Date "2020.02.04"]
[Round "6"]
[White "Volodar_Murzin"]
[Black "MatthewG-p4p"]
[Result "0-1"]
[WhiteElo "2640"]
[BlackElo "2827"]
[TimeControl "180+2"]
[EndTime "14:19:21 PST"]
[Termination "MatthewG-p4p won by resignation"]

1. d4 Nf6 2. Nf3 c5 3. d5 e6 4.
dxe6 fxe6 5. c4 d5 6. cxd5 exd5 7. Bg5 Be7 8. Nc3 d4 9. Bxf6 Bxf6 10. Ne4 Be7 11. e3 Nc6 12. exd4 cxd4 13. Bd3 O-O 14. O-O Bg4 15. Qb3+ Kh8 16. Nfd2 Qd7 17. Rae1 Rae8 18. Nc4 Be6 19. Ned2 Bd5 20. Be4 Bg8 21.
a3 Na5 22. Qd3 Nxc4 23. Nxc4 Bf6 24. Nd2 Rd8 25. Rc1 Bg5 26. Rc2 b6 27. Nf3 Bf6 28. Rfc1 Qd6 29. Rc6 Qf4 30. g3 Qh6 31. Ne5 Qh5 32.
Nf3 Rde8 33. Nd2 Bg5 34. f4 Rxf4 35. gxf4 Bxf4 36. Re1 Qxh2+ 37. Kf1 Bxd2 38. Re2 Rf8+ 39. Bf3 Qh1+ 40. Kf2 Be3+ 41. Rxe3 dxe3+ 42. Qxe3 Rxf3+ 0-1